 Dungeon Crawl Stone Soup version 0.17-a0-1435-geafbe2f (webtiles) character file.

3329 Fizybubbleh the Artisan of Death (level 9, -1/57 HPs)
             Began as a Mummy Necromancer on June 26, 2015.
             Was a Priest of Kikubaaqudgha.
             Slain by a wyvern skeleton (4 damage)
             ... on level 9 of the Dungeon.
             The game lasted 00:35:09 (11738 turns).

Fizybubbleh the Artisan of Death (MuNe)            Turns: 11738, Time: 00:35:10

Health: -1/57      AC:  7    Str: 12    XL:     9   Next: 71%
Magic:  9/27       EV: 12    Int: 17    God:    Kikubaaqudgha [***...]
Gold:   539        SH:  0    Dex: 12    Spells: 6 memorised, 0 levels left

rFire  x . .     SeeInvis .     p - +1 dagger (freeze)
rCold  + . .     Clarity  .     a - +0 robe
rNeg   + + +     SustAt   .     (no shield)
rPois  ∞         Gourm    .     (no helmet)
rElec  .         Spirit   .     (no cloak)
rCorr  .         Warding  .     h - +0 pair of gloves
rMut   .         Stasis   .     (no boots)
MR     +....                    (no amulet)
Stlth  ++........               n - ring of magical power
                                l - +4 ring of protection

@: somewhat resistant to hostile enchantments, unstealthy
A: no food or potions, fire vulnerability, cold resistance 1, negative energy
resistance 3, torment resistance, unbreathing
a: Receive Corpses, Renounce Religion


You were on level 9 of the Dungeon.
You worshipped Kikubaaqudgha.
Kikubaaqudgha was most pleased with you.
You were not hungry.

You visited 1 branch of the dungeon, and saw 9 of its levels.
You also visited: Bailey.

You collected 539 gold pieces.

Inventory:

Hand weapons
 c - a +0 hunting sling
 d - a +0 hunting sling
 f - a +0 club
 i - a +0 dagger
 p - a +1 dagger of freezing (weapon)
Armour
 a - a +0 robe (worn)
 h - a +0 pair of gloves (worn)
 q - a +0 helmet
 y - a +1 pair of gloves
 E - a +0 pair of boots
Jewellery
 l - a +4 ring of protection (left hand)
 n - a ring of magical power (right hand)
 t - an uncursed ring of protection from cold
 z - an uncursed ring of sustain attributes
Magical devices
 B - a wand of digging (15)
 C - a wand of enslavement (10)
 D - a wand of flame (14)
 F - a wand of random effects (23)
Scrolls
 e - 4 scrolls of identify
 g - 8 scrolls of remove curse
 j - 3 scrolls of teleportation
 o - a scroll of blinking {unknown}
 r - 2 scrolls of amnesia
 s - 3 scrolls of recharging
 u - 2 scrolls of noise {unknown}
 w - a scroll of enchant armour {unknown}
 A - a scroll of brand weapon {unknown}
Books
 b - a book of Necromancy

   Spells                             Type                      Level
   a - Pain                           Necromancy                   1
   b - Animate Skeleton               Necromancy                   1
   c - Vampiric Draining              Necromancy                   3
   d - Regeneration                   Charms/Necromancy            3
   e - Animate Dead                   Necromancy                   4
   f - Control Undead                 Necromancy                   4
 k - Kikubaaqudgha's Reference Book on Black Secrets
   (Kikubaaqudgha gifted it to you on level 8 of the Dungeon)

   Spells                             Type                      Level
   a - Bolt of Draining               Conjuration/Necromancy       5
   b - Agony                          Necromancy                   5
   c - Cigotuvi's Embrace             Necromancy                   5
   d - Dispel Undead                  Necromancy                   5
   e - Death Channel                  Necromancy                   6
 m - a Necronomicon

   Spells                             Type                      Level
   a - Haunt                          Necromancy/Summoning         7
   b - Borgnjor's Revivification      Necromancy                   8
   c - Death's Door                   Charms/Necromancy            8
   d - Necromutation                  Transmutation/Necromancy     8
 v - a book of Hinderance

   Spells                             Type                      Level
   a - Confusing Touch                Hexes                        2
   b - Confuse                        Hexes                        3
   c - Gell's Gravitas                Hexes/Translocation          3
   d - Petrify                        Transmutation/Earth          4
   e - Metabolic Englaciation         Hexes/Ice                    5
 x - Kikubaaqudgha's Reference Book on Stolen Souls
   (Kikubaaqudgha gifted it to you on level 6 of the Dungeon)

   Spells                             Type                      Level
   a - Animate Skeleton               Necromancy                   1
   b - Pain                           Necromancy                   1
   c - Corpse Rot                     Necromancy                   2
   d - Vampiric Draining              Necromancy                   3
   e - Control Undead                 Necromancy                   4


   Skills:
 - Level 2.3 Dodging
 - Level 1.9 Stealth
 - Level 6.1 Spellcasting
 + Level 12.3 Necromancy


You couldn't memorise any spells.
You knew the following spells:

 Your Spells              Type           Power        Failure   Level  Hunger
a - Pain                  Necr           ####         1%          1    N/A
b - Vampiric Draining     Necr           #####.....   1%          3    N/A
c - Animate Dead          Necr           N/A          1%          4    N/A
d - Corpse Rot            Necr           N/A          1%          2    N/A
e - Agony                 Necr           #####...     2%          5    N/A
f - Cigotuvi's Embrace    Necr           #####.....   2%          5    N/A

Dungeon Overview and Level Annotations

Branches:
Dungeon (9/15)             Temple (0/1) D:6
   Lair: D:8-11         Orc: D:9-12

Altars:
Ashenzari
Cheibriados
Fedhas
Kikubaaqudgha
Okawaru
Trog
The Shining One

Annotations:
D:3 exclusions: centaur, orc, orc priest and orc wizard
D:5 Menkaure
D:6 exclusions: 2 electric eels and quasit


Innate Abilities, Weirdness & Mutations

You do not eat or drink.
Your flesh is vulnerable to fire.
You are immune to poison.
Your flesh is cold resistant.
You are immune to negative energy.
You are immune to unholy pain and torment.
You can survive without breathing.


Message History

MASSIVE DAMAGE!!
You hit the wyvern skeleton. The wyvern skeleton closely misses you.
You hit the wyvern skeleton. The wyvern skeleton misses you.
You barely miss the wyvern skeleton. The wyvern skeleton bites you.
The wyvern skeleton barely misses you.
You take 4 damage, and have 25/57 hp.
You hit the wyvern skeleton. The wyvern skeleton bites you.
You take 1 damage, and have 24/57 hp.
You barely miss the wyvern skeleton. The wyvern skeleton bites you.
You take 1 damage, and have 23/57 hp.
You hit the wyvern skeleton. The wyvern skeleton bites you!
* * * LOW HITPOINT WARNING * * *
The wyvern skeleton bites you!
* * * LOW HITPOINT WARNING * * *
You take 21 damage, and have 2/57 hp.
MASSIVE DAMAGE!!
You can't drink.
The wyvern skeleton bites you.
You die...
Kikubaaqudgha rasps: "You have failed me!
Welcome... oblivion!"

### #.. #.# ##.##
##...######
#####..........
.......<.##
#####....Z########
#......@.......
##.....########
##...## ##.## ....
.###. . .


You could see a wyvern skeleton.

Vanquished Creatures
  A troll (D:9)
  Sigmund (D:4)
  A wyvern (D:8)
  A yak (D:8)
  A hippogriff (D:8)
  A deep elf fighter (D:7)
  An ice beast (D:8)
  A sky beast (D:8)
  2 black bears (D:8)
  4 ogres
  A centaur (D:5)
  A crocodile (D:8)
  7 big kobolds
  2 electric eels (D:6)
  A water moccasin skeleton (D:8)
  A crimson imp (D:5)
  A jelly (D:8)
  A centaur skeleton (D:7)
  3 iguanas
  4 orc priests
  2 hounds
  2 giant frog skeletons
  4 orc wizards
  2 worker ants
  A sheep (D:8)
  5 adders
  3 gnolls (D:8)
  24 orcs
  7 bats
  2 bat skeletons
  4 giant cockroaches
  16 hobgoblins
  8 jackals
  A ball python (D:1)
  2 giant geckos
  4 giant newts
  14 goblins
  A jackal skeleton (D:8)
  43 kobolds
  11 rats
192 creatures vanquished.

Vanquished Creatures (collateral kills)
  A yak (D:8)
  2 big kobolds (D:8)
  A sheep (D:8)
  6 kobolds (D:6)
10 creatures vanquished.

Grand Total: 202 creatures vanquished

Notes
Turn   | Place    | Note
--------------------------------------------------------------
     0 | D:1      | Fizybubbleh the Mummy Necromancer began the quest for the Orb.
     0 | D:1      | Reached XP level 1. HP: 13/13 MP: 3/3
   291 | D:1      | Reached XP level 2. HP: 19/19 MP: 1/5
  1316 | D:2      | Reached XP level 3. HP: 24/24 MP: 0/6
  1377 | D:2      | Learned a level 3 spell: Vampiric Draining
  1885 | D:2      | Found an ancient bone altar of Kikubaaqudgha.
  1987 | D:2      | Became a worshipper of Kikubaaqudgha
  2271 | D:3      | Noticed a centaur
  2680 | D:4      | Reached XP level 4. HP: 30/30 MP: 2/7
  2788 | D:4      | You fall through a shaft for 2 floors!
  2788 | D:6      | Found a bloodstained altar of Trog.
  2793 | D:6      | Reached skill level 5 in Necromancy
  3062 | D:5      | Entered Level 5 of the Dungeon
  3066 | D:5      | Noticed Menkaure
  3070 | D:5      | Noticed an ogre
  3234 | D:5      | Noticed a centaur
  3244 | D:5      | Killed a centaur
  3244 | D:5      | Reached skill level 6 in Necromancy
  3244 | D:5      | Reached XP level 5. HP: 17/35 MP: 2/8
  3250 | D:5      | Learned a level 4 spell: Animate Dead
  3416 | D:5      | Found a blossoming altar of Fedhas.
  3517 | D:5      | Noticed an ogre
  4117 | D:5      | Reached XP level 6. HP: 19/41 MP: 4/9
  4279 | D:5      | Reached skill level 7 in Necromancy
  4765 | D:4      | Noticed Sigmund
  4775 | D:4      | Killed Sigmund
  5046 | D:4      | Reached skill level 8 in Necromancy
  5046 | D:4      | Reached XP level 7. HP: 11/46 MP: 2/10
  5959 | D:4      | HP: 1/46 [ogre/giant club (18)]
  6268 | D:5      | Killed an ogre
  6268 | D:5      | Reached skill level 9 in Necromancy
  6742 | D:5      | Killed an ogre
  6925 | D:6      | Acquired Kikubaaqudgha's first power
  6925 | D:6      | Received a gift from Kikubaaqudgha
  6926 | D:6      | Identified Kikubaaqudgha's Reference Book on Stolen Souls (Kikubaaqudgha gifted it to you on level 6 of the Dungeon)
  6930 | D:6      | Learned a level 2 spell: Corpse Rot
  7423 | D:6      | Reached XP level 8. HP: 52/52 MP: 11/11
  7527 | D:6      | Found a staircase to the Ecumenical Temple.
  7809 | D:6      | Reached skill level 10 in Necromancy
  7936 | D:6      | Noticed a big kobold
  7940 | D:6      | Noticed a big kobold
  7947 | D:6      | Killed a big kobold
  7949 | D:6      | Acquired Kikubaaqudgha's second power
  7963 | D:6      | Killed a big kobold
  8147 | D:6      | Noticed a big kobold
  8158 | D:6      | Killed a big kobold
  8295 | D:6      | Noticed a big kobold
  8304 | D:6      | Killed a big kobold
  8428 | D:6      | Noticed a big kobold
  8431 | D:6      | Noticed a big kobold
  8432 | D:6      | Killed a big kobold
  8443 | D:6      | Killed a big kobold
  8443 | D:6      | Reached skill level 11 in Necromancy
  9017 | D:7      | Found a shattered altar of Ashenzari.
  9469 | D:7      | Found a glowing golden altar of the Shining One.
  9469 | D:7      | Found a snail-covered altar of Cheibriados.
  9674 | D:8      | Received a gift from Kikubaaqudgha
  9677 | D:8      | Identified Kikubaaqudgha's Reference Book on Black Secrets (Kikubaaqudgha gifted it to you on level 8 of the Dungeon)
  9685 | D:8      | Learned a level 5 spell: Agony
  9762 | D:8      | Found a flagged portal.
  9772 | Bailey   | Entered a bailey
 10004 | D:8      | Reached skill level 5 in Spellcasting
 10004 | D:8      | Reached XP level 9. HP: 57/57 MP: 12/16
 10344 | D:8      | Found an iron altar of Okawaru.
 10506 | D:8      | Learned a level 5 spell: Cigotuvi's Embrace
 11350 | D:8      | Reached skill level 12 in Necromancy
 11431 | D:8      | Noticed a three-headed hydra
 11735 | D:9      | HP: 2/57 [wyvern skeleton (8)]
 11738 | D:9      | Slain by a wyvern skeleton

Vault maps used:
D:1:      dpeg_arrival_subterranean_lakeside_camping, st_stairs_10,
          solitary_fountain
D:2:      lemuel_doored_altar, first_bread
D:3:      minmay_door_square, kennysheep_nondescript
D:4:      uniq_sigmund
D:5:      fedhas_altar_4, lightli_sewer_entry_pipes, hangedman_glass_teeth,
          uniq_menkaure
D:6:      minmay_goblin_kobold_castle, minmay_temple_entry_statues_pillars,
          trog_book
D:7:      cheibrodos_ashenzari_chains, gammafunk_temple_overflow_elements,
          guppyfry_early_elven_hall
D:8:      okawaru_altar_gauntlet_db, enter_bailey_8, hangedman_ranch
D:9:      nicolae_overflow_hidden_temple, serial_shops, shop
Bailey:   bailey_polearm_5, bailey

Action                   |  1- 3 |  4- 6 |  7- 9 || total
-------------------------+-------+-------+-------++-------
Melee: Dagger            |     8 |    62 |    87 ||   157
 Cast: Pain              |    88 |    60 |   287 ||   435
       Vampiric Draining |       |    11 |    28 ||    39
       Animate Dead      |       |       |     5 ||     5
       Agony             |       |       |     8 ||     8
       Corpse Rot        |       |       |     3 ||     3
Invok: Receive Corpses   |       |       |     5 ||     5
  Use: Scroll            |     1 |     6 |     1 ||     8
